 Dungeon Crawl Stone Soup version 0.26-a0-489-g112e8ad46e (webtiles) character file.

Game seed: 12378647318012106387

6182 KristoblXynda the Grappler (level 10, -2/81 HPs)
             Began as a Troll Hedge Wizard on Aug 2, 2020.
             Was a Follower of Ashenzari.
             Slain by an eight-headed hydra (13 damage)
             ... on level 8 of the Dungeon.
             The game lasted 00:19:54 (8950 turns).

KristoblXynda the Grappler (Troll Hedge Wizard)     Turns: 8950, Time: 00:19:55

Health: -2/81      AC: 10    Str: 24    XL:     10   Next: 60%
Magic:  12/12      EV: 13    Int: 13    God:    Ashenzari [*.....]
Gold:   526        SH:  0    Dex:  9    Spells: 7/13 levels left

rFire    . . .     SeeInvis +     - Unarmed
rCold    . . .     Faith    .   (no shield)
rNeg     . . .     Spirit   .   A - +1 steam dragon scales (curse)
rPois    .         Reflect  .   c - +0 hat
rElec    +         Harm     .   t - scarf {repulsion} (curse)
rCorr    .                      (gloves unavailable)
MR       ++...                  (boots unavailable)
Stlth    +.........             (no amulet)
HPRegen  0.63/turn              w - ring of protection from magic (curse)
MPRegen  0.13/turn              F - ring "Qiop Oti" {Wiz rElec MR+ Str+4 SInv} (curse)

@: about to teleport, repel missiles
A: large, unfitting armour, claws 3, regeneration 1, shaggy fur 1, tough skin 3
a: Curse Item, Scrying, Renounce Religion


You were on level 8 of the Dungeon.
You worshipped Ashenzari.
Ashenzari was aware of your devotion.
You visited 2 branches of the dungeon, and saw 10 of its levels.
You also visited: Sewer.

You collected 526 gold pieces.

Inventory:

Hand Weapons
 I - a +0 giant spiked club
Armour
 c - a +0 hat (worn)
 t - a cursed scarf of repulsion (worn)
 A - cursed +1 steam dragon scales (worn)
 J - a +0 troll leather armour
Jewellery
 k - an uncursed ring of see invisible
 n - an uncursed ring of positive energy
 s - an uncursed ring of fire
 w - a cursed ring of protection from magic (left claw)
 B - an uncursed ring of protection from magic
 D - an uncursed ring of protection from fire
 E - a +4 ring of protection
 F - the cursed ring "Qiop Oti" (right claw) {Wiz rElec MR+ Str+4 SInv}
   (You acquired it on level 8 of the Dungeon)

   [ring of wizardry]

   It improves your spell success rate.
   It affects your strength (+4).
   It insulates you from electricity.
   It affects your resistance to hostile enchantments.
   It lets you see invisible.
   It has a curse placed upon it.
 G - an uncursed ring of poison resistance
Scrolls
 a - 2 scrolls of remove curse
 d - 2 scrolls of amnesia
 e - 3 scrolls of fog
 g - a scroll of enchant weapon {unknown}
 h - a scroll of noise {unknown}
 m - a scroll of magic mapping
 o - a scroll of torment {unknown}
 q - a scroll of fear {unknown}
 v - a scroll of enchant armour {unknown}
 y - a scroll of immolation {unknown}
Potions
 b - a potion of heal wounds
 f - a potion of lignification
 i - 6 potions of curing
 j - 11 potions of brilliance
 p - a potion of might {unknown}
 r - a potion of ambrosia
 u - 2 potions of invisibility
 x - 2 potions of berserk rage
 z - 2 potions of stabbing
 C - 2 potions of mutation
 H - a potion of cancellation


   Skills:
 + Level 8.0 Dodging
 - Level 1.0 Stealth
 + Level 9.2 Unarmed Combat
 - Level 2.0 Spellcasting
 + Level 7.1 Conjurations
   Level 0.6 Summonings
   Level 0.6 Translocations


You had 7 spell levels left.
You knew the following spells:

 Your Spells              Type           Power        Failure   Level
a - Mephitic Cloud        Conj/Pois/Air  #.......     12%         3
b - Conjure Flame         Conj/Fire      ##......     7%          3

Your spell library contained the following spells:

 Spells                   Type           Power        Failure   Level
 Magic Dart               Conj           ###.         1%          1
 Blink                    Tloc           N/A          12%         2
 Call Imp                 Summ           #.......     12%         2
 Slow                     Hex            #.......     16%         2
 Gell's Gravitas          Tloc           #.........   24%         3
 Confusing Touch          Hex            #.......     28%         3
 Petrify                  Tmut/Erth      #.......     65%         4
 Metabolic Englaciation   Hex/Ice        #.........   93%         5
 Yara's Violent Unravell  Hex/Tmut       #.........   93%         5


Dungeon Overview and Level Annotations

Branches:
Dungeon (9/15)             Temple (1/1) D:6           Sewer (visited)
   Lair: D:8-11         Orc: D:9-12

Altars:
Ashenzari
Cheibriados
Dithmenos
Elyvilon
Fedhas
Gozag
Hepliaklqana
Kikubaaqudgha
Makhleb
Nemelex Xobeh
Okawaru
Qazlal
Ru
Sif Muna
Trog
Uskayaw
Vehumet
Wu Jian
Xom
Yredelemnul
Zin
The Shining One

Shops:
D:4 }   D:5 :*?(}   D:8 [*([

Annotations:
D:9 1 runed translucent door, manon's ghost, novice GnFi


Innate Abilities, Weirdness & Mutations

You are too large for most types of armour.
You have claws for hands.
Your natural rate of healing is unusually fast.
You are covered in fur. (AC +1)
You have extremely tough skin. (AC +3)


Message History

The eight-headed hydra bites you but does no damage.
The eight-headed hydra bites you!
The eight-headed hydra bites you but does no damage.
The eight-headed hydra bites you! x2
The eight-headed hydra closely misses you.
The eight-headed hydra barely misses you.
The eight-headed hydra bites you but does no damage.
The eight-headed hydra bites you!
* * * LOW HITPOINT WARNING * * *
There is a stone staircase leading down, spattered with blood here.
Unknown command.
As you read the scroll of teleportation, it crumbles to dust.
You feel strangely unstable. The eight-headed hydra bites you!
* * * LOW HITPOINT WARNING * * *
The eight-headed hydra bites you.
* * * LOW HITPOINT WARNING * * *
The eight-headed hydra bites you.
* * * LOW HITPOINT WARNING * * *
The eight-headed hydra bites you!
You die...

####### #.....#
#######...(.######
......'..........#
#######.....####.#
......'.....# #.#
#######.....# #.#
##########'## #@#
.........#.# #D#
########.#.# #.#
.=.....#.#.#####.#
######.#.#.......#
...............>##
#.####.#.#..###.#
#....#.#.#..# #.#
####.#.#.#..###[#


You could see an eight-headed hydra.

Vanquished Creatures
  A cyclops (D:9)
  Maurice (D:8)
  Joseph (D:7)
  Maggie (D:7)
  A troll (D:9)
  A hornet (D:9)
  2 hippogriffs
  A basilisk (D:9)
  A water moccasin (D:8)
  Duvessa (D:7)
  A sky beast (D:8)
  7 ice beasts
  An orc warrior (D:9)
  2 ogres
  A black bear (D:6)
  A necrophage (D:5)
  A phantom (D:5)
  6 centaurs
  A big kobold (D:8)
  3 bullfrogs
  Dowan (D:7)
  A scorpion (D:8)
  A water moccasin zombie (D:7)
  7 wights
  4 howler monkeys
  A centaur zombie (D:6)
  3 hounds
  3 jellies
  4 orc priests
  A centaur skeleton (D:4)
  5 orc wizards
  Jessica (D:2)
  A bullfrog skeleton (D:4)
  3 iguanas
  Natasha (thrice) (D:2)
  3 worker ants
  A hound skeleton (D:8)
  A howler monkey zombie (D:8)
  11 gnolls
  6 adders
  4 river rats (Sewer)
  3 white imps
  2 ufetubi
  2 oozes
  2 adder skeletons
  A worm (D:2)
  A dart slug (D:3)
  13 leopard geckos
  23 orcs
  3 ball pythons (Sewer)
  3 bats
  9 giant cockroaches
  7 goblins
  5 hobgoblins
  21 jackals
  26 kobolds
  4 quokkas
  8 frilled lizards
  A jackal skeleton (D:5)
  30 rats
  A spectral orc (D:2)
265 creatures vanquished.

Vanquished Creatures (others)
  An adder (D:7)
1 creature vanquished.

Grand Total: 266 creatures vanquished

Notes
Turn   | Place    | Note
-------+----------+-------------------------------------------
     0 | D:1      | KristoblXynda the Troll Hedge Wizard began the quest for
                  | the Orb.
     0 | D:1      | Reached XP level 1. HP: 16/16 MP: 2/2
   132 | D:1      | Reached skill level 1 in Conjurations
   227 | D:1      | Reached XP level 2. HP: 24/24 MP: 4/4
   400 | D:1      | Reached skill level 1 in Unarmed Combat
   790 | D:2      | Noticed Jessica
   794 | D:2      | Killed Jessica
   794 | D:2      | Reached XP level 3. HP: 31/31 MP: 5/5
   915 | D:2      | Noticed Natasha
   938 | D:2      | Killed Natasha
   938 | D:2      | Reached skill level 2 in Unarmed Combat
   938 | D:2      | Reached XP level 4. HP: 18/39 MP: 6/6
   949 | D:2      | Noticed Natasha
   953 | D:2      | Killed Natasha
  1158 | D:2      | Noticed Natasha
  1167 | D:2      | Killed Natasha
  1167 | D:2      | Reached XP level 5. HP: 36/45 MP: 7/7
  1196 | D:2      | Found a glowing golden altar of the Shining One.
  1220 | D:2      | Found an ancient bone altar of Kikubaaqudgha.
  1228 | D:2      | Found a shimmering altar of Xom.
  1390 | D:2      | Found a basalt altar of Yredelemnul.
  1495 | D:3      | Found a shimmering blue altar of Sif Muna.
  1925 | D:3      | Reached skill level 3 in Unarmed Combat
  2415 | D:4      | Reached XP level 6. HP: 46/53 MP: 8/8
  2466 | D:4      | Found Veiqaak's Gadget Shop.
  2939 | D:4      | Reached skill level 4 in Unarmed Combat
  2939 | D:4      | Reached XP level 7. HP: 52/59 MP: 9/9
  3044 | D:5      | Entered Level 5 of the Dungeon
  3053 | D:5      | Found Uwoshreuw's Book Boutique.
  3142 | D:5      | Found a glowing drain.
  3174 | Sewer    | Entered a sewer
  3797 | D:5      | Found Juth's Gadget Shoppe.
  3921 | D:5      | Reached skill level 5 in Unarmed Combat
  3923 | D:5      | Reached XP level 8. HP: 64/67 MP: 10/10
  3956 | D:5      | Found Suheclast's Magic Scroll Boutique.
  4009 | D:5      | Found Noiclioj's Assorted Antiques.
  4196 | D:5      | Reached skill level 5 in Dodging
  4312 | D:5      | Found Tesaux's Antique Weapon Shoppe.
  4836 | D:6      | Upgraded the game from 0.26-a0-487-gbff1e92059 to
                  | 0.26-a0-489-g112e8ad46e
  4852 | D:6      | Learned a level 3 spell: Mephitic Cloud
  4853 | D:6      | Found a staircase to the Ecumenical Temple.
  4868 | Temple   | Entered the Ecumenical Temple
  4879 | Temple   | Became a worshipper of Ashenzari the Shackled
  5133 | D:6      | Reached skill level 6 in Unarmed Combat
  5246 | D:6      | Found a sacrificial altar of Ru.
  5706 | D:7      | Noticed Maggie
  5706 | D:7      | Noticed a hippogriff
  5724 | D:6      | Reached skill level 5 in Conjurations
  5767 | D:7      | Noticed Joseph
  5814 | D:7      | Killed Joseph
  5814 | D:7      | Reached XP level 9. HP: 17/74 MP: 11/11
  6017 | D:7      | Noticed Duvessa
  6020 | D:7      | Noticed Dowan
  6036 | D:7      | Killed Duvessa
  6036 | D:7      | Reached skill level 7 in Unarmed Combat
  6037 | D:7      | Killed Dowan
  6133 | D:7      | Killed Maggie
  6693 | D:7      | Reached * piety under Ashenzari
  6877 | D:8      | Found Ezxum's Antique Armour Emporium.
  7030 | D:8      | Found Toaziq's Antique Armour Shop.
  7031 | D:8      | Found Rayrat's Weapon Emporium.
  7047 | D:8      | Reached skill level 8 in Unarmed Combat
  7171 | D:8      | Reached XP level 10. HP: 61/81 MP: 12/12
  7355 | D:8      | Found Qivonalo's Assorted Antiques.
  7952 | D:9      | Found a runed translucent door.
  7953 | D:9      | Noticed a deep elf knight
  8066 | D:9      | Noticed manon's ghost (novice GnFi)
  8153 | D:9      | Noticed a cyan ugly thing
  8164 | D:9      | Noticed an eight-headed hydra
  8326 | D:9      | Noticed Maurice
  8555 | D:9      | Noticed a cyclops
  8656 | D:9      | Killed a cyclops
  8656 | D:9      | Reached skill level 9 in Unarmed Combat
  8671 | D:8      | Identified a scroll of acquirement
  8671 | D:8      | Acquired the cursed ring "Qiop Oti" {Wiz rElec MR+ Str+4
                  | SInv}
  8779 | D:8      | Killed Maurice
  8800 | D:9      | Learned a level 3 spell: Conjure Flame
  8950 | D:8      | Slain by an eight-headed hydra

Illustrated notes

Levels and vault maps discovered:
D:1:      lemuel_arrival_room, layout_loops_corners
D:2:      layout_rooms, yredelemnul_forgotten_temple_becter, minitemple,
          old_standard_altar, uniq_jessica, uniq_natasha
D:3:      layout_basic, lemuel_crystal_altar, minivault_19
D:4:      layout_cave_pools, serial_shops, nicolae_shop_stone
D:5:      layout_basic, serial_shops, shop, shop, kennysheep_mini,
          nicolae_shop_behind_doors, shop, portal_sewer_entry_f,
          grunt_decor_resistance, minmay_misc_feat_roman
D:6:      layout_cave_pools, nicolae_ru_sacrificial_ziggurat,
          minmay_temple_entry_trees
D:7:      layout_cave_pods, uniq_duvessa, uniq_joseph, uniq_maggie
D:8:      layout_basic, serial_shops, nicolae_shop_waterfront, shop, shop,
          shop_fountains
D:9:      minmay_cut_squares, layout_cross, ebering_ghost_inner_flame,
          item_on_display_a, uniq_maurice
Temple:   eino_temple_scatter_basement

Skill      XL: |  1  2  3  4  5  6  7  8  9 10 |
---------------+-------------------------------+-----
Conjurations   | 1 2 3 4 5 6 7 |  7.1
Unarmed Combat | 1 2 3 4 5 6 8 9 |  9.2
Dodging        | 2 3 4 6 7 8 |  8.0
Stealth        | |  1.0
Spellcasting   | |  2.0
Summonings     | |  0.6
Translocations | |  0.6

Action                   |  1- 3 |  4- 6 |  7- 9 | 10-12 || total
-------------------------+-------+-------+-------+-------++-------
Melee: Unarmed           |    88 |   238 |   488 |   153 ||   967
       Punch             |     1 |     4 |    15 |     4 ||    24
 Cast: Mephitic Cloud    |       |       |     2 |     1 ||     3
Invok: Curse Item        |       |       |     3 |       ||     3
  Use: Scroll            |     1 |     1 |    12 |     6 ||    20
       Potion            |     1 |       |    11 |       ||    12
 Stab: Sleeping          |     1 |     4 |     1 |     1 ||     7
       Confused          |       |       |     1 |       ||     1
Armor: Robe              |    58 |    84 |   180 |       ||   322
       Steam dragon scal |       |       |    20 |    63 ||    83
Dodge: Dodged            |    72 |   127 |   360 |    99 ||   658
       Repelled          |       |       |     4 |     3 ||     7

Table legend: (Time is in decaauts)
 A = Elapsed time spent in this place.
 B = Non-inter-level travel time spent in this place.
 C = Inter-level travel time spent in this place.
 D = Time resting spent in this place.
 E = Time spent auto-exploring this place.
 F = Levels seen in this place.
 G = Mean time per level.
                   A        B        C        D        E       F      G
               +--------+--------+--------+--------+--------+-----+--------+
         Total |   8879 |   8497 |    382 |   1305 |   4702 |  11 |  807.2 |
       Dungeon |   8138 |   7774 |    364 |   1253 |   4325 |   9 |  904.2 |
        Temple |    146 |    128 |     18 |      0 |    112 |   1 |  146.0 |
         Sewer |    594 |    594 |      0 |     52 |    265 |   1 |  594.0 |
               +--------+--------+--------+--------+--------+-----+--------+

Top non-repeatable levels by time:
     D:8: 1407 daAuts
     D:5: 1189 daAuts
     D:7: 1142 daAuts
     D:3: 897 daAuts
     D:6: 817 daAuts
     D:1: 789 daAuts
     D:2: 692 daAuts
     D:4: 648 daAuts
   Sewer: 594 daAuts
     D:9: 554 daAuts
  Temple: 146 daAuts
